 Dungeon Crawl Stone Soup version 0.29-a0-350-g7790a0e70a (console) character file.

Game seed: 6836169709768994351

219208 jejorda2 the Warrior (level 19, 0/159 HPs)
             Began as a Merfolk Berserker on Apr 22, 2022.
             Was the Champion of Trog.
             Killed from afar by a nagaraja (11 damage)
             ... with a poison arrow
             ... on level 4 of the Snake Pit on Apr 23, 2022.
             The game lasted 02:14:43 (45049 turns).

jejorda2 the Warrior (Merfolk Berserker)           Turns: 45049, Time: 02:14:44

Health: 0/159      AC: 32    Str: 21    XL:     19   Next: 14%
Magic:  6/19       EV: 16    Int:  7    God:    Trog [******]
Gold:   1894       SH: 15    Dex: 23    Spells: 18/18 levels left

rFire   + + .      SeeInvis .   a - +6 double sword (flame)
rCold   . . .      Faith    +   T - +0 kite shield
rNeg    . . .      Spirit   .   b - +18 Lear's hauberk
rPois   +          Reflect  .   (helmet currently unavailable)
rElec   .          Harm     .   J - +1 cloak
rCorr   +          Rampage  +   (gloves currently unavailable)
Will    +++..                   (boots currently unavailable)
Stlth   ..........              d - amulet "Yxkipu Guirgh" {Faith Rampage Will++ Str+2}
HPRegen 0.36/turn               Q - ring of Mihuitic {rPois rF++ rCorr Dex+4}
MPRegen 0.16/turn               K - ring of flight

@: lethally poisoned (0 -> -8), on berserk cooldown, flying
A: (nimble swimmer 2), mertail
}: 1/15 runes: barnacled
a: Renounce Religion, Berserk, Trog's Hand, Brothers in Arms


You were on level 4 of the Snake Pit.
You worshipped Trog.
Trog was exalted by your worship.
You visited 5 branches of the dungeon, and saw 31 of its levels.
You also visited: Gauntlet.

You collected 2879 gold pieces.
You spent 985 gold pieces at shops.

Inventory:

Hand Weapons
 a - a +6 double sword of flaming (weapon)
 c - a +2 antimagic dagger
Missiles
 h - 5 curare-tipped darts
 i - 8 atropa-tipped darts
 j - 47 poisoned darts
 o - 856 stones
 u - 22 javelins
 w - 3 boomerangs of dispersal
 N - 19 boomerangs
 P - 5 throwing nets
 X - 13 silver javelins (quivered)
Armour
 b - the +18 Lear's hauberk (worn)
   (You found it on level 7 of the Dungeon)
 J - a +1 cloak (worn)
 T - a +0 kite shield (worn)
Jewellery
 d - the amulet "Yxkipu Guirgh" (around neck) {Faith Rampage Will++ Str+2}
   (You bought it in a shop on level 2 of the Orcish Mines)

   [amulet of faith]

   It allows you to gain divine favour quickly.
   Str:       It affects your strength (+2).
   Rampage:   It bestows one free step when moving towards enemies.
   Will:      It greatly increases your willpower.
 A - the ring "Nyoseh" {rC+ rN+ Int+4}
   (You took it off a minotaur in a Gauntlet)

   [ring of positive energy]

   Int:       It affects your intelligence (+4).
   rC:        It protects you from cold.
   rN:        It protects you from negative energy.
 K - a ring of flight (right hand)
 Q - the ring of Mihuitic (left hand) {rPois rF++ rCorr Dex+4}
   (You found it on level 4 of the Lair of Beasts)

   [ring of resist corrosion]

   Dex:       It affects your dexterity (+4).
   rF:        It greatly protects you from fire.
   rPois:     It protects you from poison.
   rCorr:     It protects you from acid and corrosion.
Wands
 r - a wand of mindburst (13)
 s - a wand of flame (50)
 D - a wand of digging (5)
 L - a wand of paralysis (6)
 M - a wand of iceblast (51)
 U - a wand of polymorph (7)
Scrolls
 f - a scroll of summoning
 m - 7 scrolls of magic mapping
 q - 6 scrolls of fear
 v - 2 scrolls of enchant armour
 y - 13 scrolls of teleportation
 B - 2 scrolls of silence
 E - 4 scrolls of blinking
 F - 4 scrolls of identify
 H - 2 scrolls of fog
 R - 2 scrolls of enchant weapon
 S - a scroll of holy word
Potions
 e - 9 potions of flight
 l - 4 potions of attraction
 n - 3 potions of invisibility
 p - 4 potions of resistance
 t - 4 potions of ambrosia
 x - 7 potions of curing
 z - 9 potions of mutation
 C - 8 potions of heal wounds
 G - 4 potions of cancellation
 I - 7 potions of might
 O - 4 potions of haste
Miscellaneous
 g - a condenser vane
 W - a lightning rod (4/4)


   Skills:
 + Level 16.8 Fighting
 - Level 16.0 Long Blades
 - Level 16.0 Throwing
 - Level 12.0 Armour
 - Level 13.0 Dodging
 - Level 4.0 Stealth
 * Level 13.8 Shields
 - Level 6.0 Evocations


You had 18 spell levels left.
You didn't know any spells.
Your spell library was empty.

Dungeon Overview and Level Annotations

Branches:
Dungeon (15/15)            Temple (0/1) D:5            Lair (6/6) D:9
 Shoals (4/4) Lair:4        Snake (4/4) Lair:2        Slime (0/5) Lair:5
    Orc (2/2) D:10            Elf (0/3) Orc:2        Vaults (0/5) D:14
 Depths (0/4) D:15        Gauntlet (visited)

Altars:
Cheibriados
Dithmenos
Fedhas
Gozag
Hepliaklqana
Kikubaaqudgha
Nemelex Xobeh
Vehumet
Xom
Jiyva

Shops:
D:4 [   D:9 *   Orc:2 [=*(   Shoals:2 [   Snake:1 (   Snake:3 =

Annotations:
Lair:5 1 runed translucent door


Innate Abilities, Weirdness & Mutations

((You are very nimble when in or above water. (Stealth+, EV+, Speed+++)))
Your lower body shifts to a powerful aquatic tail in water.


Message History

* * * LOW HITPOINT WARNING * * *
You feel very sick.
* * * LOW HITPOINT WARNING * * *
You feel very sick.
A naga comes into view.
It is wielding a +2 hand axe of flaming.
* * * LOW HITPOINT WARNING * * *
You feel very sick.
The naga warrior roars a battlecry!
The nagaraja goes into a battle-frenzy!
The naga warrior spits poison at you. The splash of poison misses you.
You feel better.
You feel yourself speed up.
The naga mage casts a spell at the nagaraja.
The nagaraja seems to grow toxic.
The nagaraja spits poison at you. You block the splash of poison.
The naga spits poison at you. You block the splash of poison.
The nagaraja attacks as you move away! The nagaraja hits you with a +0 whip.
* * * LOW HITPOINT WARNING * * *
The nagaraja spits poison at you. You block the splash of poison.
The naga no longer looks unusually strong.
The nagaraja gestures at you while chanting.
The bolt of poison hits you but does no damage.
You resist. The nagaraja spits poison at you. The splash of poison misses you.
The naga no longer looks unusually strong.
The nagaraja casts a spell at you.
The bolt of poison hits you but does no damage.
You resist.
The naga warrior roars a battlecry!
The nagas go into a battle-frenzy!
The nagaraja gestures at you while chanting.
The poison arrow hits you!
You are poisoned.
You partially resist.
You die...

#........#####..N.#.........###รท.
.........# ###NN.....#.........
..!......# ##.......##....###
..#......# ##N.....#..####.#.
.##......# #..N.....#.##.....
..##.....# ##.......#........
...##....# #......##....)...
#.....#### ###......##........
#.#....## ##.@#....##.........
#.......## ##.####...##.........
....####.####.### ##.............
..## ##.#.....# ##............. ##
##..##..# #.###.......... #.## ###
### ######....# ### #####


You could see a nagaraja (fast, strong, curare, catching breath), a naga warrior
(curare) and a naga mage (fast, strong).

Vanquished Creatures
  Jorgrun (Snake:2)
  Rupert (Lair:3)
  2 nagarajas
  Aizul (Snake:2)
  Louise (Shoals:3)
  An orc warlord (Orc:1)
  2 stone giants
  A minotaur (Gauntlet)
  Azrael (Orc:1)
  A dire elephant (Lair:6)
  3 ettins (Orc:2)
  6 merfolk javelineers
  9 merfolk impalers
  The ghost of SirDiesAlot the Basher, a journeyman OgGl of Okawaru (D:9)
  A vault guard (D:14)
  Josephine (Shoals:1)
  A fire dragon (Lair:2)
  A rakshasa (D:15)
  8 boulder beetles
  4 centaur warriors
  2 salamander tyrants
  12 hydras
  6 merfolk avatars
  3 catoblepae
  6 anacondas
  An alligator (Shoals:1)
  An ogre mage (Orc:1)
  2 alligator snapping turtles
  12 two-headed ogres
  A satyr (Shoals:2)
  6 merfolk aquamancers
  3 death yaks (Lair:3)
  10 naga warriors
  2 tengu warriors (D:15)
  Urug (D:13)
  12 naga sharpshooters
  6 shock serpents
  Sonja (Orc:1)
  5 salamander mystics
  5 skeletal warriors (D:14)
  A shadow wraith (D:15)
  13 sea snakes
  2 glowing orange brains (Gauntlet)
  A necromancer (Lair:6)
  5 naga ritualists
  A flayed ghost (D:13)
  A lindwurm (Lair:6)
  16 harpies
  A lindwurm (shapeshifter) (D:15)
  An orc knight (D:15)
  A wolf spider (Gauntlet)
  A harpy (shapeshifter) (D:13)
  3 orc sorcerers
  17 manticores
  9 ugly things
  2 deep elf pyromancers
  8 mana vipers
  Maurice (D:13)
  A moth of wrath (Gauntlet)
  A worldbinder (Gauntlet)
  11 cyclopes
  6 water nymphs
  Joseph (D:9)
  22 elephants
  6 merfolk sirens
  15 salamanders
  9 cane toads
  5 guardian serpents
  11 naga magi
  28 black mambas
  2 gargoyles (D:13)
  Maggie (D:6)
  2 kobold demonologists
  3 rime drakes
  A cane toad (shapeshifter) (D:13)
  A yaktaur (shapeshifter) (D:12)
  13 komodo dragons
  3 yaktaurs (D:12)
  A freezing wraith (D:13)
  12 trolls
  8 meliai
  A hornet (D:8)
  26 merfolk
  3 polar bears
  8 blink frogs
  A wolf spider simulacrum (D:15)
  8 wind drakes
  8 dream sheep
  13 slime creatures
  11 snapping turtles
  A centaur simulacrum (D:12)
  Sigmund (D:6)
  2 vampires (D:13)
  6 water elementals
  4 wraiths
  52 yaks
  4 shadows
  3 wyverns
  2 fire elementals (Orc:1)
  7 basilisks
  13 vampire mosquitoes
  A golden eye (shapeshifter) (D:13)
  3 steam dragons
  2 redbacks (Gauntlet)
  29 nagas
  3 acid dragons
  2 hell hounds
  Duvessa (D:6)
  2 wargs
  21 water moccasins
  A black bear (D:6)
  An ice beast (D:8)
  21 orc warriors
  3 ogres (Orc:1)
  13 wolves
  2 boggarts (Gauntlet)
  9 centaurs
  2 phantoms (D:4)
  4 kobold brigands
  3 gnoll sergeants
  12 bullfrogs
  3 necrophages
  5 scorpions
  5 wights
  Dowan (D:6)
  6 killer bees (D:9)
  2 oklob saplings (D:8)
  2 howler monkeys
  An electric eel (Lair:6)
  4 centaur zombies (D:9)
  A human zombie (D:9)
  20 orc priests
  10 hounds
  2 jellies (D:4)
  5 gnoll shamans
  12 iguanas
  8 hell rats
  27 orc wizards
  5 polar bear simulacra (Lair:6)
  3 yak simulacra (Lair:6)
  A killer bee zombie (D:9)
  2 mummies (D:9)
  30 gnolls
  15 adders
  A shadow imp (D:4)
  A white imp (D:5)
  An ufetubus (D:5)
  2 dart slugs
  82 orcs
  18 ball pythons
  2 endoplasms (D:3)
  7 giant cockroaches
  5 goblins
  9 hobgoblins
  7 jackals
  11 quokkas
  3 training dummies (Snake:1)
  7 bats
  A frilled lizard (D:2)
  18 kobolds
  4 rats
  3 river rat simulacra (Lair:6)
1052 creatures vanquished.

Vanquished Creatures (collateral kills)
  A sphinx (D:13)
  An ettin (D:13)
  A centaur warrior (D:13)
  2 boulder beetles (D:13)
  A merfolk aquamancer (Shoals:4)
  3 death yaks (Lair:6)
  A sea snake (Snake:1)
  A lindwurm (Lair:6)
  A phantasmal warrior (D:13)
  4 manticores
  A guardian serpent (Snake:1)
  A water nymph (Shoals:4)
  2 cane toads (Lair:6)
  A cane toad (shapeshifter) (D:13)
  A meliai (D:9)
  A snapping turtle (Shoals:1)
  A vampire (D:13)
  A basilisk (D:13)
25 creatures vanquished.

Vanquished Creatures (others)
  A merfolk aquamancer (Shoals:3)
  A naga mage (Snake:3)
  A hound (D:8)
  An orc wizard (D:9)
  A bush (Lair:1)
  63 fungi
  116 plants
184 creatures vanquished.

Grand Total: 1261 creatures vanquished

Notes
Turn   | Place    | Note
-------+----------+-------------------------------------------
     0 | D:1      | jejorda2 the Merfolk Berserker began the quest for the Orb.
     0 | D:1      | Reached XP level 1. HP: 18/18 MP: 1/1
   431 | D:1      | Reached XP level 2. HP: 20/24 MP: 2/2
  1360 | D:1      | Reached XP level 3. HP: 16/29 MP: 3/3
  2395 | D:2      | Identified the +1 pair of boots of the Mind {Int+3}
  2749 | D:2      | Found a faded altar of an unknown god.
  2933 | D:2      | Reached XP level 4. HP: 37/37 MP: 4/4
  3249 | D:3      | Reached ** piety under Trog
  3251 | D:3      | Reached skill level 5 in Long Blades
  3261 | D:3      | Identified the +0 scale mail of Light {Slay+2}
  3387 | D:3      | Reached XP level 5. HP: 42/42 MP: 5/5
  3703 | D:3      | Reached XP level 6. HP: 35/49 MP: 6/6
  4112 | D:4      | Found Niemayho's Armour Shop.
  4283 | D:4      | Reached skill level 5 in Fighting
  4301 | D:4      | Reached XP level 7. HP: 54/56 MP: 7/7
  4793 | D:4      | Found a radiant altar of Vehumet.
  5016 | D:5      | Entered Level 5 of the Dungeon
  5062 | D:5      | Identified the +4 quarterstaff "Jagi" {vorpal, Int+6 SInv}
  5071 | D:5      | Reached *** piety under Trog
  5120 | D:5      | Found a staircase to the Ecumenical Temple.
  5366 | D:5      | Reached XP level 8. HP: 29/64 MP: 8/8
  5682 | D:5      | Identified the +0 pair of boots of Ghostly Fun {rPois rF+}
  6698 | D:6      | Noticed Sigmund
  6714 | D:6      | Killed Sigmund
  6715 | D:6      | Reached skill level 10 in Long Blades
  7012 | D:6      | Noticed Maggie
  7025 | D:6      | Killed Maggie
  7026 | D:6      | Reached XP level 9. HP: 69/69 MP: 9/9
  7038 | D:6      | Noticed Dowan
  7184 | D:6      | Killed Dowan
  7185 | D:6      | Noticed Duvessa
  7191 | D:6      | Killed Duvessa
  7379 | D:7      | Reached skill level 5 in Armour
  7564 | D:7      | Found a sparkling altar of Nemelex Xobeh.
  7808 | D:7      | Found a blossoming altar of Fedhas.
  7907 | D:7      | Reached **** piety under Trog
  8088 | D:7      | Noticed a troll
  8099 | D:7      | Killed a troll
  8100 | D:7      | Noticed a two-headed ogre
  8289 | D:7      | Noticed a boulder beetle
  8302 | D:7      | Killed a boulder beetle
  8303 | D:7      | Reached XP level 10. HP: 76/76 MP: 10/10
  8436 | D:7      | Found the +18 Lear's hauberk
  9369 | D:8      | Reached skill level 1 in Shields
  9642 | D:8      | Reached ***** piety under Trog
 10521 | D:4      | Bought a +0 buckler for 63 gold pieces
 10605 | D:9      | Reached skill level 5 in Dodging
 10646 | D:9      | Found a staircase to the Lair.
 10799 | D:9      | Reached skill level 5 in Shields
 10842 | D:9      | Reached XP level 11. HP: 81/81 MP: 11/11
 10929 | D:9      | Noticed a two-headed ogre
 10944 | D:9      | Killed a two-headed ogre
 11074 | D:9      | Noticed Joseph
 11088 | D:9      | Killed Joseph
 11357 | D:9      | Found an ancient bone altar of Kikubaaqudgha.
 11459 | D:9      | Found a hazy altar of Hepliaklqana.
 11467 | D:9      | Found a shadowy altar of Dithmenos.
 11487 | D:9      | Noticed a two-headed ogre
 11501 | D:9      | Killed a two-headed ogre
 11667 | D:9      | Found a runed translucent gate.
 11668 | D:9      | Found a runed translucent gate.
 11668 | D:9      | Found a runed translucent gate.
 11669 | D:9      | Found an opulent altar of Gozag.
 11670 | D:9      | Found Plog's Assorted Antiques.
 11670 | D:9      | Noticed SirDiesAlot's ghost (journeyman OgGl)
 11698 | D:9      | Killed SirDiesAlot's ghost
 11826 | D:9      | Bought a scroll labelled LIPHEUSOOR for 24 gold pieces
 11827 | D:9      | Bought a scroll of magic mapping for 84 gold pieces
 12037 | Lair:1   | Entered Level 1 of the Lair of Beasts
 12258 | Lair:1   | Received a gift from Trog
 12335 | Lair:1   | Reached XP level 12. HP: 75/92 MP: 12/12
 13400 | Lair:2   | Noticed a fire dragon
 13421 | Lair:2   | Killed a fire dragon
 13424 | Lair:2   | Reached skill level 1 in Evocations
 13565 | Lair:2   | Reached skill level 1 in Throwing
 13631 | Lair:2   | Found a staircase to the Snake Pit.
 13892 | Lair:2   | Noticed a catoblepas
 13904 | Lair:2   | Killed a catoblepas
 14375 | Lair:2   | Noticed a four-headed hydra
 14383 | Lair:2   | Killed a one-headed hydra
 14620 | Lair:3   | Noticed an eight-headed hydra
 14635 | Lair:3   | Killed a five-headed hydra
 14636 | Lair:3   | Reached skill level 5 in Evocations
 14794 | Lair:3   | Noticed a seven-headed hydra
 14807 | Lair:3   | Killed a two-headed hydra
 14929 | Lair:3   | Reached XP level 13. HP: 90/101 MP: 13/13
 15027 | Lair:3   | Reached skill level 5 in Throwing
 15259 | Lair:3   | Noticed Rupert
 15288 | Lair:3   | Killed Rupert
 16388 | Lair:4   | Found a staircase to the Shoals.
 17054 | Lair:4   | Identified the ring of Mihuitic {rPois rF++ rCorr Dex+4}
 17649 | Lair:5   | Found a runed translucent door.
 17650 | Lair:5   | Found a viscous altar of Jiyva.
 17651 | Lair:5   | Noticed an acid blob
 17652 | Lair:5   | Found a staircase to the Slime Pits.
 17652 | Lair:5   | Noticed an acid blob
 18142 | Lair:6   | Entered Level 6 of the Lair of Beasts
 18431 | Lair:6   | Reached skill level 10 in Fighting
 18431 | Lair:6   | Reached XP level 14. HP: 68/110 MP: 14/14
 18676 | Lair:6   | Reached skill level 10 in Throwing
 19634 | Lair:6   | Noticed a dire elephant
 19705 | Lair:6   | Killed a dire elephant
 20720 | D:10     | Entered Level 10 of the Dungeon
 21029 | D:10     | Found a staircase to the Orcish Mines.
 21032 | D:10     | Received a gift from Trog
 22447 | D:12     | Reached XP level 15. HP: 120/120 MP: 15/15
 22495 | D:12     | Reached skill level 15 in Long Blades
 23826 | D:13     | Noticed Maurice
 23840 | D:13     | Killed Maurice
 23971 | D:13     | Noticed Urug
 23979 | D:13     | Killed Urug
 24000 | D:13     | Received a gift from Trog
 24906 | D:13     | Noticed a sphinx
 24910 | D:13     | Killed a sphinx
 25095 | Orc:1    | Entered Level 1 of the Orcish Mines
 25132 | Orc:1    | Noticed Sonja
 25141 | Orc:1    | Killed Sonja
 25352 | Orc:1    | Reached skill level 1 in Stealth
 25591 | Orc:2    | Entered Level 2 of the Orcish Mines
 25591 | Orc:2    | Noticed Azrael
 25591 | Orc:2    | Found Itwotaxt's Antique Armour Emporium.
 25591 | Orc:2    | Found a staircase to the Elven Halls.
 25611 | Orc:2    | Found Baliz's Jewellery Shoppe.
 25629 | Orc:2    | Noticed an orc warlord
 25631 | Orc:2    | Reached XP level 16. HP: 83/132 MP: 16/16
 25853 | Orc:1    | Killed Azrael
 26140 | Orc:2    | Received a gift from Trog
 26363 | Orc:2    | Found Ciqisoy's Antique Weapon Boutique.
 26641 | Orc:2    | Found Xusamoix's General Store.
 27282 | Orc:2    | Bought the amulet "Yxkipu Guirgh" {Faith Rampage Will++
                  | Str+2} for 774 gold pieces
 27553 | D:14     | Found a gate to the Vaults.
 27875 | D:14     | Reached skill level 15 in Throwing
 28184 | D:14     | Found a shimmering altar of Xom.
 28338 | D:14     | Reached skill level 15 in Fighting
 28768 | D:15     | Entered Level 15 of the Dungeon
 28804 | D:15     | Found a gate leading to a gauntlet.
 28813 | Gauntlet | Entered a Gauntlet
 28813 | Gauntlet | Found a transporter.
 28813 | Gauntlet | Found a transporter.
 28817 | Gauntlet | Found a transporter.
 28817 | Gauntlet | Found a transporter.
 28829 | Gauntlet | Found a transporter.
 28836 | Gauntlet | Found a transporter.
 28844 | Gauntlet | Found a transporter.
 28846 | Gauntlet | Found a transporter.
 28846 | Gauntlet | Found a transporter.
 28850 | Gauntlet | Found a transporter.
 28884 | Gauntlet | Found a transporter.
 28928 | Gauntlet | Found a transporter.
 29057 | Gauntlet | Found a transporter.
 29142 | Gauntlet | Found a transporter.
 29161 | Gauntlet | Identified the +2 pair of gloves "Kobu" {Contam rCorr Str+3
                  | Stlth+}
 29303 | Gauntlet | Identified the +0 chain mail "Moawuil" {*Slow rPois Dex+7}
 29303 | Gauntlet | Identified the ring "Nyoseh" {rC+ rN+ Int+4}
 30211 | D:15     | Found a snail-covered altar of Cheibriados.
 30325 | D:15     | Found a staircase to the Depths.
 30939 | D:15     | Received a gift from Trog
 31234 | Shoals:1 | Entered Level 1 of the Shoals
 31699 | Shoals:1 | Noticed Josephine
 31715 | Shoals:1 | Killed Josephine
 31731 | Shoals:1 | Reached XP level 17. HP: 98/139 MP: 17/17
 33313 | Shoals:2 | Reached skill level 10 in Dodging
 33532 | Shoals:2 | Received a gift from Trog
 34252 | Shoals:2 | Reached skill level 10 in Armour
 34287 | Shoals:2 | Found Koghack's Antique Armour Shop.
 35732 | Shoals:3 | Noticed Louise
 35755 | Shoals:3 | Killed Louise
 36174 | Shoals:4 | Entered Level 4 of the Shoals
 36396 | Shoals:4 | Received a gift from Trog
 36409 | Shoals:4 | Got a barnacled rune of Zot
 37019 | Shoals:4 | Identified the +1 leather armour "Epnoj" {Harm Drain rElec
                  | Int-3}
 37095 | Shoals:4 | Reached XP level 18. HP: 149/151 MP: 18/18
 37892 | Shoals:4 | Received a gift from Trog
 37905 | Shoals:4 | Identified the +1 great mace of the Depths {pain, *Noise
                  | Int+9}
 38163 | Snake:1  | Entered Level 1 of the Snake Pit
 39006 | Snake:1  | Reached skill level 10 in Shields
 39533 | Snake:1  | Found Beqitua's Firing Range.
 39539 | Snake:1  | Bought 5 boomerangs for 40 gold pieces
 40679 | Snake:2  | Received a gift from Trog
 40748 | Snake:2  | Noticed Jorgrun
 40760 | Snake:2  | Killed Jorgrun
 41245 | Snake:2  | Noticed Aizul
 41270 | Snake:2  | Killed Aizul
 43492 | Snake:3  | Found Tit Imnu's Jewellery Shoppe.
 43654 | Snake:4  | Entered Level 4 of the Snake Pit
 44065 | Snake:4  | Reached ****** piety under Trog
 44887 | Snake:4  | Reached XP level 19. HP: 145/159 MP: 19/19
 45041 | Snake:4  | HP: 4/159 [poisoned by a naga mage (bolt of poison)]
 45049 | Snake:4  | Killed from afar by a nagaraja

Illustrated notes

Levels and vault maps discovered:
D:1:      minmay_arrival_floating_metal, layout_basic
D:2:      layout_basic, shapermc_ecumenical_altar_mp_vishouse,
          grunt_ministairs_5
D:3:      layout_basic
D:4:      minmay_chambers_of_threes, layout_loops_ring, kennysheep_mini,
          serial_shops, shop, minmay_misc_feat_chi, minivault_14
D:5:      layout_loops_ring, minmay_temple_entry_statues_pillars, st_stairs_9,
          bh_walls_and_bars
D:6:      layout_gridville, uniq_duvessa, uniq_maggie, uniq_sigmund
D:7:      layout_loops_ring, minitemple, hellmonk_guarded_unrand_lears
D:8:      layout_loops_corners, introduction_to_nature_1
D:9:      layout_gridville, riverfiend_overflow_shadow_ancestor,
          lemuel_mausoleum_altar_kikubaaqudgha, nicolae_overflow_hidden_temple,
          minmay_lair_entry_grove, ebering_ghost_gozag, uniq_joseph
D:10:     layout_rooms, david_orc_2, serial_corexii_hall,
          chequers_hall_statues_corner_a, corexii_hall_statues_l
D:11:     layout_irregular_city, serial_co_window_serial,
          co_window_of_opportunity_a, co_window_of_opportunity_a,
          co_window_paths_a, co_window_of_opportunity_a,
          co_window_of_opportunity_a, co_window_corner_a,
          co_window_of_opportunity_a, co_window_2corner, co_window_corner_cb,
          co_window_corner_b, co_window_broadway_b, co_window_corner_cb,
          co_window_paths_c, glass_columns_b, glass_columns_a, glass_columns_b
D:12:     layout_loops_ring
D:13:     minmay_eight_partial_circles, layout_cave_pools, uniq_maurice,
          uniq_urug
D:14:     layout_long_grid, david_vaults_5, xom_teletrap_fun
D:15:     grunt_enter_depths_snipers, layout_irregular_city,
          gauntlet_entry_generic, kennysheep_slug_shrine
Lair:1:   layout_loops_ring, grunt_forest_small_clearing_treed,
          infiniplex_staircase_pool
Lair:2:   dragon1_lemuel, layout_layer_cave, minmay_snake_entry_spellcaster
Lair:3:   beast_lair_carwin_large_3, layout_gridlike, uniq_rupert
Lair:4:   layout_layer_cave, minmay_shoals_entry_centaurs, grunt_megastairs_1
Lair:5:   layout_concentric_octagons, slime_altar_2,
          chequers_serial_rivers_large_a
Lair:6:   hangedman_lair_in_review, layout_hall_layers, eino_house_with_fridge,
          lemuel_fruit_tree, infiniplex_staircase_pool_2, serial_bayou_shore_a
Shoals:1: layout_shoals, nicolae_shoals_siren_and_animal_friends, uniq_josephine
Shoals:2: layout_shoals, serial_shops, shop
Shoals:3: cheibrodos_shoals_epimethial_gifts, layout_shoals, uniq_louise
Shoals:4: shoals_end_simple, layout_shoals, nicolae_shoals_loop_pool
Snake:1:  nicolae_snake_unarmed_stairs_patrol, layout_gridlike,
          nicolae_shop_firing_range, grunt_megastairs_3
Snake:2:  layout_grid_maze, uniq_aizul, uniq_jorgrun
Snake:3:  layout_misc_corridors, serial_shops, shop
Snake:4:  snake_pit, layout_chambers
Orc:1:    layout_diamond_mine, lightli_orcish_oven, uniq_sonja
Orc:2:    grunt_orc_gardens, layout_diamond_mine, grunt_orc_garden,
          grunt_orc_garden, grunt_orc_garden, grunt_orc_garden, uniq_azrael

Skill      XL: |  1  2  3  4  5  6  7  8  9 10 11 12 13 14 15 16 17 18 |
---------------+-------------------------------------------------------+-----
Long Blades    | 4 5 6 7 8 11 13 14 16 | 16.0
Armour         | 2 3 4 5 6 8 9 11 12 | 12.0
Fighting       | 4 5 6 8 9 10 11 13 16 | 16.8
Dodging        | 6 8 9 12 13 | 13.0
Shields        | 6 9 13 | 13.8
Evocations     | 6 |  6.0
Throwing       | 4 9 12 14 16 | 16.0
Stealth        | 3 4 |  4.0

Action                   |  1- 3 |  4- 6 |  7- 9 | 10-12 | 13-15 | 16-18 | 19-21 || total
-------------------------+-------+-------+-------+-------+-------+-------+-------++-------
Melee: Falchion          |   150 |       |       |       |       |       |       ||   150
       Punch             |     2 |       |     4 |     1 |       |       |       ||     7
       Scimitar          |     8 |   104 |   281 |   738 |   786 |       |       ||  1917
       Tailslap          |       |       |       |     3 |       |       |       ||     3
       Double sword      |       |       |       |       |   406 |  1540 |    93 ||  2039
Throw: Stone             |     4 |    15 |    36 |    32 |    94 |     8 |       ||   189
       Dart              |       |       |     4 |     1 |    12 |    10 |       ||    27
       Boomerang         |       |       |       |       |       |    53 |       ||    53
       Javelin           |       |       |       |       |       |       |     4 ||     4
Invok: Berserk           |     3 |     1 |     6 |     9 |    10 |    20 |     1 ||    50
       Trog's Hand       |       |     1 |     2 |     2 |     3 |     4 |     1 ||    13
       Brothers in Arms  |       |       |       |     1 |     4 |     3 |     1 ||     9
Evoke: Wand              |       |       |       |       |     2 |       |       ||     2
       Lightning rod     |       |       |       |       |       |     4 |       ||     4
       Condenser vane    |       |       |       |       |       |     2 |       ||     2
  Use: Scroll            |       |       |    19 |     5 |     9 |     2 |       ||    35
       Potion            |       |       |       |       |     2 |     2 |     1 ||     5
 Stab: Sleeping          |     2 |       |       |       |       |       |       ||     2
       Distracted        |       |       |       |     1 |       |       |       ||     1
       Invisible         |       |       |       |       |     3 |       |       ||     3
       Confused          |       |       |       |       |       |     8 |       ||     8
Armor: Animal skin       |    19 |       |       |       |       |       |       ||    19
       Ring mail         |    45 |    10 |       |       |       |       |       ||    55
       Scale mail        |       |    34 |   111 |     7 |       |       |       ||   152
       Chain mail        |       |       |       |   326 |   597 |   667 |    31 ||  1621
Dodge: Dodged            |   138 |    56 |   130 |   230 |   507 |   692 |    43 ||  1796
Block: Buckler           |       |       |       |   113 |   452 |   411 |       ||   976
       Reflection        |       |       |       |       |    15 |     1 |       ||    16
       Kite shield       |       |       |       |       |       |   230 |    64 ||   294

Table legend: (Time is in decaauts)
 A = Elapsed time spent in this place.
 B = Non-inter-level travel time spent in this place.
 C = Inter-level travel time spent in this place.
 D = Time resting spent in this place.
 E = Time spent auto-exploring this place.
 F = Levels seen in this place.
 G = Mean time per level.
                   A        B        C        D        E       F      G
               +--------+--------+--------+--------+--------+-----+--------+
         Total |  43765 |  41027 |   2738 |   6489 |  27185 |  32 | 1367.7 |
       Dungeon |  19545 |  18207 |   1338 |   2499 |  12466 |  15 | 1303.0 |
          Lair |   9443 |   8778 |    665 |   2079 |   5179 |   6 | 1573.8 |
        Shoals |   5450 |   5255 |    195 |    815 |   3540 |   4 | 1362.5 |
     Snake Pit |   6528 |   6059 |    469 |    525 |   4455 |   4 | 1632.0 |
  Orcish Mines |   2190 |   2120 |     70 |    527 |   1199 |   2 | 1095.0 |
      Gauntlet |    607 |    607 |      0 |     41 |    345 |   1 |  607.0 |
               +--------+--------+--------+--------+--------+-----+--------+

Top non-repeatable levels by time:
     D:1: 2158 daAuts
 Snake:2: 2143 daAuts
  Lair:6: 2062 daAuts
  Lair:3: 1834 daAuts
  Lair:2: 1711 daAuts
 Snake:3: 1585 daAuts
  Lair:4: 1572 daAuts
 Snake:1: 1534 daAuts
    D:14: 1530 daAuts
Shoals:4: 1528 daAuts
     D:9: 1522 daAuts
     D:6: 1507 daAuts
     D:8: 1494 daAuts
Shoals:3: 1431 daAuts
    D:13: 1404 daAuts
